 Dungeon Crawl Stone Soup version 0.28-a0-932-g843f935a50 (webtiles) character file.

Game seed: 15753233063834498020

71194 blank1 the Warrior (level 14, -13/146 HPs)
             Began as a Minotaur Fighter on Nov 28, 2021.
             Was the Champion of Okawaru.
             Mangled by a tengu warrior (18 damage)
             ... led by a tengu conjurer
             ... on level 13 of the Dungeon.
             The game lasted 00:43:53 (24881 turns).

blank1 the Warrior (Minotaur Fighter)              Turns: 24881, Time: 00:43:55

Health: -13/146    AC: 23    Str: 31    XL:     14   Next: 96%
Magic:  17/17      EV: 12    Int:  8    God:    Okawaru [******]
Gold:   1675       SH:  5    Dex: 10    Spells: 13/13 levels left

rFire   + . .      SeeInvis .   I - +11 scimitar of Gentey {freeze, rC+ Will+ Str+2 Dex-3 Stlth+}
rCold   + . .      Faith    .   c - +0 buckler
rNeg    . . .      Spirit   .   A - +2 chain mail {Will+}
rPois   .          Reflect  .   O - +1 hat {Int+3}
rElec   .          Harm     .   R - +0 cloak {rCorr}
rCorr   +          Rampage  .   e - +2 pair of gloves
Will    +++..                   M - +0 pair of boots
Stlth   ..........              (no amulet)
HPRegen 0.34/turn               B - ring of protection from fire
MPRegen 0.15/turn               F - +6 ring of strength

@: marked
A: horns 2, retaliatory headbutt
a: Renounce Religion, Heroism, Finesse, Duel


You were on level 13 of the Dungeon.
You worshipped Okawaru.
Okawaru was exalted by your worship.
You visited 3 branches of the dungeon, and saw 20 of its levels.

You collected 1675 gold pieces.

Inventory:

Hand Weapons
 r - a +7 trident of protection
 H - the +5 long sword "Mepuedeu" {venom, rElec rN++ Dex-5}
   (You found it on level 11 of the Dungeon)

   It poisons the flesh of those it strikes.
   Dex:       It affects your dexterity (-5).
   rElec:     It insulates you from electricity.
   rN:        It greatly protects you from negative energy.
 I - the +11 scimitar of Gentey (weapon) {freeze, rC+ Will+ Str+2 Dex-3 Stlth+}
   (Okawaru gifted it to you on level 11 of the Dungeon)

   It freezes those it strikes, dealing additional cold damage.
   It can also slow down cold-blooded creatures.
   Str:       It affects your strength (+2).
   Dex:       It affects your dexterity (-3).
   rC:        It protects you from cold.
   Will:      It increases your willpower.
   Stlth:     It makes you more stealthy.
Missiles
 z - 4 throwing nets (quivered)
Armour
 c - a +0 buckler (worn)
 e - a +2 pair of gloves (worn)
 A - a +2 chain mail of willpower (worn)
 M - a +0 pair of boots (worn)
 O - a +1 hat of intelligence (worn)
 R - a +0 cloak of preservation (worn)
Jewellery
 o - a ring of resist corrosion
 B - a ring of protection from fire (left hand)
 F - a +6 ring of strength (right hand)
 P - an amulet of faith
Wands
 a - a wand of iceblast (4)
 g - a wand of polymorph (14)
 u - a wand of acid (10)
 y - a wand of mindburst (13)
 C - a wand of paralysis (9)
 L - a wand of flame (40)
 S - a wand of digging (5)
Scrolls
 h - a scroll of amnesia
 l - 2 scrolls of magic mapping
 m - a scroll of holy word
 p - 3 scrolls of summoning
 q - a scroll of enchant armour
 x - a scroll of silence
 E - 2 scrolls of enchant weapon
 J - 3 scrolls of teleportation
 Q - 5 scrolls of identify
Potions
 b - 7 potions of mutation
 d - 2 potions of might
 f - 3 potions of curing
 i - 6 potions of brilliance
 j - a potion of berserk rage
 k - a potion of invisibility
 n - 6 potions of lignification
 t - a potion of heal wounds
 v - 4 potions of flight
 w - a potion of haste
 D - 2 potions of resistance
 G - 2 potions of magic
 N - 3 potions of attraction


   Skills:
 + Level 19.4 Fighting
 - Level 13.0 Long Blades
 - Level 3.2 Maces & Flails
 - Level 10.0 Polearms
 - Level 15.0 Armour
 - Level 10.0 Dodging
 - Level 5.0 Shields
 - Level 6.0 Invocations


You had 13 spell levels left.
You didn't know any spells.
Your spell library contained the following spells:

 Spells                   Type           Power      Damage    Failure   Level
 Magic Dart               Conj           0%         1d3       80%         1
 Searing Ray              Conj           0%         2d4       90%         2
 Static Discharge         Conj/Air       0%         N/A       90%         2
 Gell's Gravitas          Tloc           0%         N/A       99%         3
 Teleport Other           Tloc           0%         N/A       99%         3
 Fulminant Prism          Conj/Hex       0%         3d6       100%        4
 Passage of Golubria      Tloc           0%         N/A       100%        4
 Blade Hands              Tmut           0%         N/A       100%        5
 Irradiate                Conj/Tmut      0%         3d13      100%        5
 Lightning Bolt           Conj/Air       0%         1d11      100%        5
 Yara's Violent Unravell  Hex/Tmut       0%         3d3       100%        5
 Dispersal                Tloc           0%         N/A       100%        6
 Dragon Form              Tmut           0%         N/A       100%        7
 Storm Form               Tmut/Air       0%         N/A       100%        7
 Maxwell's Capacitive Co  Air            0%         ∞         100%        8
 Tukima's Dance           Hex            Unusable   N/A       N/A         3
 Summon Lightning Spire   Summ/Air       Unusable   N/A       N/A         4

Dungeon Overview and Level Annotations

Branches:
Dungeon (13/15)            Temple (1/1) D:4            Lair (6/6) D:11
 Shoals (0/4) Lair:3       Spider (0/4) Lair:4        Slime (0/5) Lair:6
    Orc (0/2) D:9
 Vaults: D:13-14

Altars:
Ashenzari
Cheibriados
Dithmenos
Elyvilon
Fedhas
Gozag
Kikubaaqudgha
Makhleb
Nemelex Xobeh
Okawaru
Qazlal
Ru
Sif Muna
Trog
Uskayaw
Vehumet
Xom
Yredelemnul
Zin
The Shining One

Portals:
Hell: Lair:6

Annotations:
D:11 2 transporters
D:13 1 runed translucent door


Innate Abilities, Weirdness & Mutations

You have a pair of horns on your head.
You reflexively headbutt those who attack you in melee.


Message History

The meliai mumbles some strange prayers to its god against you.
Something smites you!
* * * LOW HITPOINT WARNING * * *
The meliai misses you. The meliai barely misses you.
The meliai mumbles some strange prayers to its god against you.
Something smites you!
* * * LOW HITPOINT WARNING * * *
The meliai hits you with a +0 hand axe!
* * * LOW HITPOINT WARNING * * *
The meliai barely misses you. The meliai hits you with a +0 hand axe.
* * * LOW HITPOINT WARNING * * *
The meliai barely misses you.
As you read the scroll of fear, it crumbles to dust.
You assume a fearsome visage.
The meliai looks frightened! x3
You climb downwards.
Level annotation: 1 runed translucent door The tengu warrior hits you with a +1 battleaxe.
* * * LOW HITPOINT WARNING * * *
The tengu warrior barely misses you. The tengu warrior misses you.
There is a stone staircase leading up, spattered with blood here.
You hit the tengu warrior. You freeze the tengu warrior.
Your headbutt misses the tengu warrior.
The tengu warrior is lightly wounded.
The tengu warrior hits you with a +1 battleaxe.
* * * LOW HITPOINT WARNING * * *
The tengu warrior pecks you but does no damage.
The tengu warrior misses you.
You slash the tengu warrior! You freeze the tengu warrior.
You headbutt the tengu warrior!
The tengu warrior is heavily wounded.
The tengu warrior hits you but does no damage.
The tengu warrior closely misses you.
The tengu warrior claws you but does no damage.
You slash the tengu warrior! You freeze the tengu warrior.
Your headbutt misses the tengu warrior.
The tengu warrior is almost dead.
The tengu conjurer gestures wildly while chanting.
The tengu conjurer conjures a globe of magical energy!
The tengu warrior hits you with a +1 battleaxe!!
You die...

..................###............
....###...........# #............
y...# #...........###............
cc.y###...###....................
......)...# #....................
..........###....................
...............................(.
...............((......###...###.
....^.........(Q@......# #...# #.
...............((......###...###.
.................................
..........###...Q................
..........# #....................
....###...###.....*..............
....# #...........###............
....###...........# #............
..............*...###............


You could see a tengu warrior, a tengu conjurer and a battlesphere.

Vanquished Creatures
  Kirke (Lair:4)
  Gastronok (Lair:1)
  Snorg (Lair:4)
  The ghost of Quschuilu the Basher, a journeyman MiWz of Zin (Lair:1)
  13 hydras
  Harold (D:7)
  A centaur warrior (D:13)
  7 two-headed ogres
  9 death yaks
  Sonja (Lair:3)
  Nergalle (D:10)
  A sixfirhy (Lair:6)
  A fire crab (Lair:6)
  A wizard (Lair:6)
  A wolf spider (Lair:5)
  2 ugly things
  A manticore (D:13)
  A cyclops (D:10)
  The ghost of Sabo the Skirmisher, a novice OgBe of Trog (D:5)
  16 elephants
  An orange demon (Lair:6)
  6 black mambas
  11 cane toads
  A kobold demonologist (D:11)
  11 komodo dragons
  3 rime drakes (Lair:6)
  An ice devil (Lair:6)
  3 red devils (Lair:6)
  A hellwing (Lair:6)
  A queen bee (D:8)
  3 trolls
  3 meliai (D:12)
  A slime creature (Lair:6)
  6 polar bears
  A hornet (D:9)
  25 blink frogs
  A dream sheep (Lair:6)
  2 shadows
  Sigmund (D:2)
  7 wyverns
  5 wraiths
  2 hogs
  5 basilisks
  4 humans (Lair:4)
  44 yaks
  4 vampire mosquitoes
  Menkaure (D:7)
  An acid dragon (D:5)
  5 hell hounds (Lair:6)
  Duvessa (D:5)
  13 water moccasins
  3 orc warriors
  7 black bears
  2 ogres
  An ice beast (D:5)
  A sky beast (D:6)
  23 wolves
  3 phantoms
  12 centaurs
  21 bullfrogs
  2 kobold brigands
  A wyvern zombie (D:7)
  3 scorpions
  A gnoll sergeant (D:8)
  Dowan (D:5)
  A troll zombie (D:9)
  14 killer bees
  7 wights
  6 howler monkeys
  6 electric eels
  2 centaur zombies
  A bullfrog zombie (D:6)
  A lava snake (Lair:2)
  Crazy Yiuf (D:2)
  8 hounds
  5 jellies
  7 orc priests
  2 bullfrog skeletons (D:6)
  2 iguanas (D:5)
  Ijyb (D:4)
  Terence (D:2)
  A gnoll shaman (D:6)
  2 orc wizards
  7 ogre zombies (D:9)
  A hound zombie (D:5)
  3 howler monkey zombies
  Robin (D:3)
  A howler monkey skeleton (D:5)
  9 gnolls
  11 adders
  A worm (D:2)
  7 dart slugs (D:6)
  19 orcs
  5 endoplasms
  5 giant cockroaches
  25 goblins
  13 hobgoblins
  3 jackals (D:5)
  15 kobolds
  3 quokkas
  9 ball pythons
  3 bats
  3 frilled lizards
  4 goblin zombies (D:9)
  A hobgoblin skeleton (D:9)
  A hobgoblin zombie (D:9)
  3 orc skeletons (D:9)
  16 orc zombies (D:9)
  5 rats
559 creatures vanquished.

Vanquished Creatures (others)
  A centaur (D:13)
  A bush (Lair:3)
  43 fungi
  72 plants
117 creatures vanquished.

Grand Total: 676 creatures vanquished

Notes
Turn   | Place    | Note
-------+----------+-------------------------------------------
     0 | D:1      | blank1 the Minotaur Fighter began the quest for the Orb.
     0 | D:1      | Reached XP level 1. HP: 19/19 MP: 0/0
   258 | D:1      | Reached XP level 2. HP: 26/27 MP: 1/1
   566 | D:1      | Reached skill level 1 in Dodging
   621 | D:1      | Reached skill level 4 in Fighting
   622 | D:1      | Reached XP level 3. HP: 30/33 MP: 2/2
  1053 | D:2      | Found a faded altar of an unknown god.
  1059 | D:2      | Reached skill level 1 in Polearms
  1103 | D:2      | Noticed Sigmund
  1106 | D:2      | Killed Sigmund
  1107 | D:2      | Reached XP level 4. HP: 29/41 MP: 3/3
  1107 | D:2      | Reached XP level 5. HP: 33/47 MP: 4/4
  1401 | D:2      | Found a sacrificial altar of Ru.
  1424 | D:2      | Noticed Terence
  1431 | D:2      | Killed Terence
  1635 | D:2      | Found a runed translucent door.
  1636 | D:2      | Noticed Crazy Yiuf
  1985 | D:2      | Killed Crazy Yiuf
  1986 | D:2      | Reached XP level 6. HP: 39/55 MP: 5/5
  2127 | D:3      | Reached skill level 5 in Polearms
  2166 | D:3      | Reached skill level 5 in Fighting
  2449 | D:3      | Noticed Robin
  2463 | D:3      | Killed Robin
  3485 | D:4      | Noticed Ijyb
  3539 | D:4      | Killed Ijyb
  3601 | D:4      | Found a staircase to the Ecumenical Temple.
  3670 | Temple   | Entered the Ecumenical Temple
  3772 | Temple   | Became a worshipper of Warmaster Okawaru
  3920 | D:4      | Reached skill level 6 in Fighting
  3920 | D:4      | Reached XP level 7. HP: 50/63 MP: 6/6
  4155 | D:5      | Entered Level 5 of the Dungeon
  4178 | D:5      | Found a transporter.
  4178 | D:5      | Noticed Sabo's ghost (novice OgBe)
  4221 | D:5      | Reached skill level 1 in Invocations
  4352 | D:5      | Reached * piety under Okawaru
  4353 | D:5      | Reached skill level 5 in Armour
  4575 | D:5      | Found a transporter.
  4614 | D:5      | Reached skill level 7 in Fighting
  4634 | D:5      | Noticed Dowan
  4634 | D:5      | Noticed Duvessa
  4647 | D:5      | Killed Duvessa
  4648 | D:5      | Reached XP level 8. HP: 63/73 MP: 6/9
  4650 | D:5      | Killed Dowan
  4731 | D:5      | Found a shimmering blue altar of Sif Muna.
  4732 | D:5      | Found a glowing silver altar of Zin.
  5218 | D:6      | Reached skill level 8 in Fighting
  5599 | D:6      | Reached ** piety under Okawaru
  5767 | D:6      | Reached XP level 9. HP: 60/82 MP: 10/10
  6675 | D:7      | Noticed Harold
  6688 | D:7      | Killed Harold
  6688 | D:7      | Reached *** piety under Okawaru
  6689 | D:7      | Reached skill level 10 in Fighting
  7125 | D:7      | Noticed Menkaure
  7135 | D:7      | Killed Menkaure
  7660 | D:8      | Reached skill level 5 in Dodging
  7979 | D:8      | Reached **** piety under Okawaru
  7980 | D:8      | Reached skill level 11 in Fighting
  8118 | D:8      | Reached XP level 10. HP: 16/96 MP: 11/11
  8866 | D:9      | Found a staircase to the Orcish Mines.
  8895 | D:8      | Reached skill level 12 in Fighting
  9201 | D:9      | Noticed a two-headed ogre
  9210 | D:9      | Killed a two-headed ogre
  9306 | D:9      | Reached skill level 10 in Armour
  9442 | D:9      | Reached ***** piety under Okawaru
  9743 | D:9      | Noticed a two-headed ogre
  9752 | D:9      | Killed a two-headed ogre
  9753 | D:9      | Reached skill level 5 in Invocations
 10197 | D:12     | Noticed a two-headed ogre
 10197 | D:12     | Noticed a two-headed ogre
 10198 | D:12     | Noticed a two-headed ogre
 10206 | D:12     | Killed a two-headed ogre
 10206 | D:12     | Received a gift from Okawaru
 10207 | D:12     | Reached XP level 11. HP: 91/104 MP: 13/13
 10218 | D:12     | Killed a two-headed ogre
 10259 | D:12     | Killed a two-headed ogre
 10494 | D:12     | Noticed a two-headed ogre
 10504 | D:12     | Killed a two-headed ogre
 10515 | D:12     | Noticed a green ugly thing
 10533 | D:12     | Killed a green ugly thing
 10534 | D:12     | Reached skill level 10 in Polearms
 10759 | D:11     | Reached skill level 13 in Fighting
 10818 | D:11     | Identified the +5 long sword "Mepuedeu" {venom, rElec rN++
                  | Dex-5}
 10878 | D:11     | Identified the +11 scimitar of Gentey {freeze, rC+ Will+
                  | Str+2 Dex-3 Stlth+} (Okawaru gifted it to you on level 11
                  | of the Dungeon)
 10878 | D:11     | Received a gift from Okawaru
 11092 | D:10     | Entered Level 10 of the Dungeon
 11274 | D:9      | Found a glowing golden altar of the Shining One.
 11479 | D:10     | Reached skill level 1 in Long Blades
 11942 | D:10     | Noticed Nergalle
 11949 | D:10     | Killed Nergalle
 12566 | D:11     | Found a transporter.
 12597 | D:11     | Found a transporter.
 12598 | D:11     | Noticed an orc sorcerer
 12598 | D:11     | Noticed an orc high priest
 12633 | D:11     | Noticed a four-headed hydra
 12642 | D:11     | Killed a ten-headed hydra
 12889 | D:11     | Received a gift from Okawaru
 13040 | D:11     | Reached skill level 14 in Fighting
 13059 | D:10     | Reached skill level 5 in Long Blades
 13368 | D:11     | Found a staircase to the Lair.
 13776 | D:12     | Noticed a six-headed hydra
 13785 | D:12     | Killed a six-headed hydra
 13786 | D:12     | Reached XP level 12. HP: 107/117 MP: 11/14
 14325 | Lair:1   | Entered Level 1 of the Lair of Beasts
 14325 | Lair:1   | Noticed a six-headed hydra
 14332 | Lair:1   | Killed a six-headed hydra
 14355 | Lair:1   | Noticed Gastronok
 14363 | Lair:1   | Killed Gastronok
 14381 | Lair:1   | Noticed a six-headed hydra
 14395 | Lair:1   | Killed a six-headed hydra
 14562 | Lair:1   | Found a shimmering altar of Xom.
 14688 | Lair:1   | Found a runed translucent gate.
 14688 | Lair:1   | Found a runed translucent gate.
 14689 | Lair:1   | Found a runed translucent gate.
 14689 | Lair:1   | Noticed Quschuilu's ghost (journeyman MiWz)
 14798 | Lair:1   | Reached skill level 15 in Fighting
 15212 | Lair:1   | Killed Quschuilu's ghost
 15213 | Lair:1   | Reached skill level 10 in Long Blades
 15480 | D:5      | Killed Sabo's ghost
 15775 | Lair:2   | Reached ****** piety under Okawaru
 16082 | Lair:2   | Received a gift from Okawaru
 16681 | Lair:2   | Reached XP level 13. HP: 110/128 MP: 16/16
 17026 | Lair:3   | Reached skill level 16 in Fighting
 17451 | Lair:3   | Noticed Sonja
 17489 | Lair:3   | Killed Sonja
 17801 | Lair:3   | Received a gift from Okawaru
 18066 | Lair:3   | Reached skill level 17 in Fighting
 18130 | Lair:3   | Found a staircase to the Shoals.
 18160 | Lair:3   | Received a gift from Okawaru
 18810 | Lair:4   | Noticed Kirke
 18828 | Lair:4   | Killed Kirke
 19114 | Lair:4   | Found a hole to the Spider Nest.
 19324 | Lair:4   | Reached skill level 18 in Fighting
 19729 | Lair:4   | Noticed Snorg
 19740 | Lair:4   | Killed Snorg
 20083 | Lair:5   | Reached skill level 5 in Shields
 20373 | Lair:5   | Reached XP level 14. HP: 100/143 MP: 17/17
 20830 | Lair:5   | Received a gift from Okawaru
 20831 | Lair:5   | Reached skill level 10 in Dodging
 21375 | Lair:6   | Entered Level 6 of the Lair of Beasts
 21956 | Lair:6   | Reached skill level 15 in Armour
 22400 | Lair:6   | Found a staircase to the Slime Pits.
 23152 | Lair:6   | Received a gift from Okawaru
 23227 | Lair:6   | Found a burning altar of Makhleb.
 23441 | Lair:6   | Found a gateway to Hell.
 23900 | D:13     | Found a runed translucent door.
 23922 | D:13     | Reached skill level 19 in Fighting
 24879 | D:13     | HP: 5/146 [tengu warrior[a tengu conjurer] (3)]
 24881 | D:13     | Mangled by a tengu warrior

Illustrated notes

Levels and vault maps discovered:
D:1:      tarquinn_simple_flora_water_c, layout_basic, minivault_25,
          chequers_garden
D:2:      layout_loops_corners, basic_altar, nicolae_ecumenical_snake_handling,
          uniq_sigmund, uniq_crazy_yiuf_cottage, uniq_terence
D:3:      layout_basic, minivault_14, uniq_robin
D:4:      layout_basic, minmay_temple_entry_enclosed_plants,
          minmay_goblin_outpost, uniq_ijyb
D:5:      layout_loops_cross, mainiacjoe_overflow_divided_tiny,
          gammafunk_ghost_arena, hellmonk_bongcloud_opening, uniq_duvessa
D:6:      kennysheep_slugbush, layout_basic, serial_bayou, serial_bayou_shore_b,
          serial_bayou_pond_a, serial_bayou_pond_e, serial_bayou_pond_d,
          serial_bayou_pond_b, corexii_item_surrounded_by_moat
D:7:      layout_basic, uniq_harold, uniq_menkaure
D:8:      layout_cave_pools, nicolae_looking_at_the_future
D:9:      layout_roguey, tso_oasis_becter, zombieorc2_lemuel
D:10:     layout_basic, uniq_nergalle
D:11:     gammafunk_wand_slinger, layout_stronghold, erik_lair_island
D:12:     layout_basic
D:13:     layout_big_octagon, lightli_airlock
Temple:   mainiacjoe_temple_bowtie_tessellation
Lair:1:   layout_loops_ring, basic_altar, ebering_ghost_rock_garden,
          chequers_serial_rivers_marsh, uniq_gastronok
Lair:2:   layout_gridlike, chequers_serial_rivers_large_b
Lair:3:   layout_cave_pods, elwin_shoals_entry_rocks, serial_bayou_ford_a,
          beast_lair_carwin_7, uniq_sonja
Lair:4:   layout_loops_ring, dummy_spider_entry, infiniplex_staircase_pool,
          uniq_snorg, uniq_kirke
Lair:5:   layout_roguey, nicolae_lair_run_with_the_wolves
Lair:6:   evil_forest, layout_long_grid, minmay_slime_entry_pillars

Skill      XL: |  1  2  3  4  5  6  7  8  9 10 11 12 13 14 |
---------------+-------------------------------------------+-----
Dodging        | 1 2 4 5 7 8 9 10 | 10.0
Fighting       | 4 6 7 8 11 12 14 15 18 19 | 19.4
Armour         | 4 5 7 8 10 11 12 14 15 | 15.0
Shields        | 4 5 |  5.0
Maces & Flails | 3 |  3.2
Polearms       | 4 6 7 8 9 10 | 10.0
Invocations    | 3 5 6 |  6.0
Long Blades    | 6 10 13 | 13.0

Action                   |  1- 3 |  4- 6 |  7- 9 | 10-12 | 13-15 || total
-------------------------+-------+-------+-------+-------+-------++-------
Melee: Flail             |    59 |       |       |       |       ||    59
       Headbutt          |    10 |    15 |    48 |   145 |   141 ||   359
       Spear             |    17 |   129 |   336 |   306 |       ||   788
       Unarmed           |       |     2 |       |       |       ||     2
       Scimitar          |       |       |       |   248 |   477 ||   725
       Trident           |       |       |       |    20 |   119 ||   139
Invok: Heroism           |       |       |     2 |     3 |     3 ||     8
       Finesse           |       |       |       |       |     1 ||     1
  Use: Scroll            |       |     1 |     6 |    13 |     5 ||    25
       Potion            |       |       |       |       |     4 ||     4
Armor: Scale mail        |    27 |    19 |       |       |       ||    46
       Chain mail        |       |    14 |    97 |   311 |   455 ||   877
Dodge: Dodged            |    25 |    28 |    91 |   240 |   427 ||   811
Block: Buckler           |    16 |    20 |    45 |    96 |   161 ||   338

Table legend: (Time is in decaauts)
 A = Elapsed time spent in this place.
 B = Non-inter-level travel time spent in this place.
 C = Inter-level travel time spent in this place.
 D = Time resting spent in this place.
 E = Time spent auto-exploring this place.
 F = Levels seen in this place.
 G = Mean time per level.
                   A        B        C        D        E       F      G
               +--------+--------+--------+--------+--------+-----+--------+
         Total |  24730 |  23376 |   1354 |   5447 |  14051 |  20 | 1236.5 |
       Dungeon |  15571 |  14547 |   1024 |   3394 |   8757 |  13 | 1197.8 |
        Temple |    112 |    103 |      9 |      0 |     89 |   1 |  112.0 |
          Lair |   9046 |   8726 |    320 |   2053 |   5204 |   6 | 1507.7 |
               +--------+--------+--------+--------+--------+-----+--------+

Top non-repeatable levels by time:
  Lair:6: 1955 daAuts
    D:12: 1945 daAuts
  Lair:2: 1623 daAuts
    D:10: 1554 daAuts
  Lair:3: 1529 daAuts
  Lair:5: 1488 daAuts
     D:6: 1475 daAuts
     D:7: 1473 daAuts
     D:9: 1407 daAuts
  Lair:4: 1397 daAuts
    D:11: 1309 daAuts
     D:8: 1304 daAuts
     D:2: 1122 daAuts
     D:4: 1082 daAuts
  Lair:1: 1052 daAuts
